 Dungeon Crawl Stone Soup version 0.30-b1-2-g02819fbbbe (webtiles) character file.

Game seed: 11974985540720910927

2 Alarkh the Vexing (level 1, -9/15 HPs)
             Began as a Demonspawn Hexslinger on July 8, 2023.
             Mangled by a kobold
             ... wielding a +1 dagger of electrocution
              (18 damage)
             ... on level 1 of the Dungeon.
             The game lasted 00:00:56 (230 turns).

Alarkh the Vexing (Demonspawn Hexslinger)            Turns: 230, Time: 00:00:57

Health: -9/15      AC:  5    Str: 10    XL:     1   Next: 33%
Magic:  2/2        EV: 12    Int: 14    God:
Gold:   8          SH:  0    Dex: 13    Spells: 1/2 levels left

rFire   . . .        a - +1 sling
rCold   . . .        (no shield)
rNeg    . . .        c - +0 robe
rPois   .            (no helmet)
rElec   .            (no cloak)
rCorr   .            f - +2 pair of gloves
SInv    .            (no boots)
Will    .....        (no amulet)
Stlth   +            (no ring)
HPRegen 0.22/turn    (no ring)
MPRegen 0.08/turn

%: no passive effects
@: no status effects
A: no striking features
a: no special abilities


You were on level 1 of the Dungeon.
You visited 1 branch of the dungeon, and saw 1 of its levels.

You collected 8 gold pieces.

Inventory:

Hand Weapons
 a - a +1 sling (weapon)
Armour
 c - a +0 robe (worn)
 f - a +2 pair of gloves (worn)
Scrolls
 b - a scroll of poison
 e - a scroll of teleportation {unknown}
Potions
 d - a potion of curing {unknown}


   Skills:
 - Level 1.0 Fighting
 + Level 2.0 Ranged Weapons
 - Level 1.7 Dodging
 - Level 1.0 Spellcasting
 - Level 3.0 Hexes


You had one spell level left.
You knew the following spells:

 Your Spells              Type           Power      Damage    Failure   Level
a - Slow                  Hex            36%        N/A       8%          1

Your spell library contained the following spells:

 Spells                   Type           Power      Damage    Failure   Level
 Inner Flame              Hex/Fire       4%         N/A       38%         3
 Portal Projectile        Hex/Tloc       8%         N/A       38%         3
 Cause Fear               Hex            4%         N/A       58%         4


Dungeon Overview and Level Annotations

Branches:
Dungeon (1/15)

Altars:


Message History

The sling bullet closely misses the kobold.
You shoot a sling bullet. The sling bullet hits the kobold.
The kobold is heavily wounded.
The kobold throws a stone.
The stone barely misses you.
You shoot a sling bullet. The sling bullet hits the goblin.
The goblin is moderately wounded.
You shoot a sling bullet. The sling bullet hits the goblin.
You kill the goblin!
The kobold throws a stone.
The stone hits you.
Your Ranged Weapons skill increases to level 2!
You shoot a sling bullet.
The sling bullet closely misses the kobold.
You shoot a sling bullet. The sling bullet hits the kobold.
The kobold is heavily wounded.
The kobold throws a stone.
The stone hits you but does no damage.
You shoot a sling bullet.
The sling bullet barely misses the kobold.
The kobold hits you with a +1 dagger of electrocution.
You shoot a sling bullet.
The sling bullet hits the kobold but does no damage.
The kobold is heavily wounded.
The kobold closely misses you.
You shoot a sling bullet.
The sling bullet closely misses the kobold.
The kobold hits you but does no damage.
You shoot a sling bullet.
The sling bullet completely misses the kobold.
The kobold hits you but does no damage. x2
You shoot a sling bullet.
The sling bullet barely misses the kobold.
The kobold hits you but does no damage.
You shoot a sling bullet.
The sling bullet closely misses the kobold.
The kobold hits you with a +1 dagger of electrocution.
You shoot a sling bullet.
The sling bullet barely misses the kobold.
The kobold hits you with a +1 dagger of electrocution. x2
You are electrocuted!!
Ouch! That really hurt!
You die...

#.# #.## ##.....
#.# ##.# .$.....
#)#######.##
.......
#..#.#.###.# .....
#.#.#.#.#.## ....
#.######<#####
#).## #.# ##.#.#.#.
#K.# #.# #.###.#.#
#@###.# ##.######
######..##.# #.##
.........##.# ##.#
..........#.####.##
.............†...#
#
##.....#####.##.##
# #.....
#..#.########
#.....
##.#...#.....
...... #..#.....###


You could see a kobold.

Vanquished Creatures
  A goblin (D:1)
  2 bats (D:1)
3 creatures vanquished.

Notes
Turn   | Place    | Note
-------+----------+-------------------------------------------
     0 | D:1      | Alarkh the Demonspawn Hexslinger began the quest for the
                  | Orb.
     0 | D:1      | Reached XP level 1. HP: 15/15 MP: 2/2
   230 | D:1      | Mangled by a kobold

Illustrated notes

Levels and vault maps discovered:
D:1:      reono_arrival_mine, layout_basic

Skill      XL: |  1 |
---------------+----+-----
Ranged Weapons | 2 |  2.0
Fighting       | |  1.0
Dodging        | |  1.7
Spellcasting   | |  1.0
Hexes          | |  3.0

Action                     || total
---------------------------++-------
   Fire: Sling             ||    20
 Armour: Robe              ||     6
  Dodge: Dodged            ||     7
